 Dungeon Crawl Stone Soup version 0.31-a0-175-g9f7f995f2b (webtiles) character file.

Game seed: 9304557903457375056

38 qw the Shooter (level 3, -2/32 HPs)
             Began as a Naga Hunter on June 16, 2023.
             Slain by a goblin
             ... wielding a +0 club
             ... led by Robin
              (4 damage)
             ... on level 2 of the Dungeon.
             The game lasted 00:00:25 (1080 turns).

qw the Shooter (Naga Hunter)                        Turns: 1080, Time: 00:00:25

Health: -2/32      AC:  7    Str: 13    XL:     3   Next: 43%
Magic:  3/3        EV:  9    Int:  9    God:
Gold:   137        SH:  0    Dex: 16    Spells: 2/2 levels left

rFire   . . .        Y - +0 shortbow
rCold   . . .        (shield currently unavailable)
rNeg    . . .        c - +0 leather armour
rPois   +            i - +1 hat
rElec   .            (no cloak)
rCorr   .            (no gloves)
SInv    +            (no barding)
Will    .....        (no amulet)
Stlth   ++           d - +4 ring of protection
HPRegen 0.25/turn    (no ring)
MPRegen 0.08/turn

%: no passive effects
@: short of breath, very slow
A: AC +1, large, see invisible, deformed body, poison resistance, slowness 2,
spit poison 1, naga tail 1
a: Spit Poison


You were on level 2 of the Dungeon.
You visited 1 branch of the dungeon, and saw 3 of its levels.

You collected 137 gold pieces.


Innate Abilities, Weirdness & Mutations

Your serpentine skin is tough. (AC +1)
You have supernaturally acute eyesight. (SInv)
Armour fits poorly on your strangely shaped body.
Your system is resistant to poisons. (rPois)
You cover ground very slowly.
You can spit poison.
You have a snake-like lower body.


   Skills:
 - Level 2.0 Fighting
 + Level 4.7 Ranged Weapons
 - Level 1.5 Dodging
 - Level 1.5 Stealth


You had 2 spell levels left.
You didn't know any spells.
Your spell library was empty.

Inventory:

Hand Weapons
 Y - a +0 shortbow (weapon)
Armour
 c - a +0 leather armour (worn)
 i - a +1 hat (worn)
Jewellery
 d - a +4 ring of protection (left hand)
Scrolls
 a - a scroll of identify
Potions
 e - a potion of curing
 f - a potion of heal wounds

Dungeon Overview and Level Annotations

Branches:
Dungeon (3/15)

Altars:
Sif Muna

Annotations:
D:3 Robin


Message History

The orc hits you but does no damage. The goblin barely misses you.
A goblin comes into view. It is wielding a +0 club.
Robin throws the goblin at you! The goblin hits you but does no damage.
The goblin hits you with a +0 club.
You shoot an arrow. The arrow closely misses the orc.
The goblin completely misses you. The orc closely misses you.
Robin throws the goblin at you! The goblin hits you but does no damage.
The goblin completely misses you. The goblin hits you but does no damage.
A hobgoblin comes into view.
You shoot an arrow.
The arrow hits the orc but does no damage.
The orc is lightly wounded.
The goblin barely misses you. The goblin hits you but does no damage.
The orc hits you with a +0 club. The goblin hits you with a +0 dagger.
The goblin hits you but does no damage. The goblin closely misses you.
1076 ||| STAIRDANCE The goblin closely misses you.
The orc hits you with a +0 club. The goblin hits you but does no damage.
The goblin barely misses you. The goblin hits you with a +0 dagger.
The goblin misses you. The goblin hits you with a +0 club.
You climb upwards.
You have got your breath back.
There is a stone staircase leading down here.
1078 ||| INVOKING Spit Poison.
Aiming: Spit Poison (2% risk of failure)
Press: ? - help, Shift-Dir - straight line, f - goblin The splash of poison hits the goblin.
The goblin is severely wounded.
The goblin hits you with a +0 club.
The goblin hits you but does no damage. x2
The goblin hits you with a +0 dagger. The goblin misses you.
You shoot an arrow.
The arrow hits the goblin but does no damage.
The goblin is severely wounded.
The goblin closely misses you. The goblin barely misses you. x2
The goblin hits you but does no damage. x2
You shoot an arrow. The arrow closely misses the goblin.
The goblin hits you with a +0 club. x2; The goblin hits you but does no damage.
The goblin hits you with a +0 dagger. The goblin barely misses you.
The goblin hits you with a +0 club. x2
You die...

......#.#######.....#
#######.#######.....#
..............#.....#
########.####.#.....#
.........(..#.#.....#
########.##.#.#.....#
#.##.#.##g#########
########.#..#..ggg.......#
...............g@#######.#
########.#...!##g# #.#
..######.####'##o# #.#
#).#...........#.# #.#
##.'...........#.# #.#
###...........#.# #.#
#...........#.# #.#
#...........#.# #.#
###...#######.# #%#


You could see an orc and 6 goblins.

Vanquished Creatures
  A dart slug (D:2)
  3 ball pythons
  7 endoplasms
  A giant cockroach (D:3)
  7 goblins
  3 hobgoblins
  2 jackals (D:2)
  A quokka (D:2)
  3 frilled lizards
  2 kobolds (D:1)
  2 rats (D:2)
32 creatures vanquished.

Notes
Turn   | Place    | Note
-------+----------+-------------------------------------------
     0 | D:1      | qw the Naga Hunter began the quest for the Orb.
     0 | D:1      | Reached XP level 1. HP: 19/19 MP: 1/1
     0 | D:1      | 0 ||| qw: Version: 0.2-a-29-g511e9b1
     0 | D:1      | 0 ||| qw: Game counter: 2
     0 | D:1      | 0 ||| qw: Always use a shield: true
     0 | D:1      | 0 ||| qw: God list: Okawaru
     0 | D:1      | 0 ||| qw: Allow faded altars: false
     0 | D:1      | 0 ||| qw: Do Orc after D:15 true
     0 | D:1      | 0 ||| qw: Do second Lair branch before Depths: true
     0 | D:1      | 0 ||| qw: Lair rune preference: random
     0 | D:1      | 0 ||| qw: Plans: Normal
     0 | D:1      | 0 ||| PLANNING D:1-11
    44 | D:1      | 44 ||| INVOKING Spit Poison.
    48 | D:1      | 48 ||| INVOKING Spit Poison.
    53 | D:1      | 53 ||| INVOKING Spit Poison.
   117 | D:1      | Reached skill level 4 in Ranged Weapons
   117 | D:1      | Reached XP level 2. HP: 26/26 MP: 2/2
   122 | D:1      | 122 ||| INVOKING Spit Poison.
   126 | D:1      | 126 ||| INVOKING Spit Poison.
   212 | D:1      | 212 ||| INVOKING Spit Poison.
   393 | D:1      | 393 ||| INVOKING Spit Poison.
   397 | D:1      | 397 ||| INVOKING Spit Poison.
   531 | D:1      | 531 ||| UPGRADING to +1 hat.
   536 | D:1      | 536 ||| UPGRADING to +4 ring of protection.
   537 | D:1      | 537 ||| READING 4 scrolls labelled CAIKIO RAIRAADGH.
   538 | D:1      | 538 ||| READING scroll labelled RAREOW ONILINK.
   539 | D:1      | 539 ||| DRINKING 2 bubbling brown potions.
   540 | D:1      | 540 ||| READING 3 scrolls of identify.
   540 | D:1      | 540 ||| IDENTIFYING orange potion
   541 | D:1      | 541 ||| READING 2 scrolls of identify.
   541 | D:1      | 541 ||| IDENTIFYING inky potion
   542 | D:1      | 542 ||| DROPPING scroll of butterflies.
   543 | D:1      | 543 ||| DROPPING potion of enlightenment.
   610 | D:2      | Found Cyashiox's Armour Shoppe.
   615 | D:2      | 615 ||| INVOKING Spit Poison.
   626 | D:2      | 626 ||| INVOKING Spit Poison.
   650 | D:2      | 650 ||| INVOKING Spit Poison.
   718 | D:2      | 718 ||| INVOKING Spit Poison.
   782 | D:2      | 782 ||| INVOKING Spit Poison.
   784 | D:2      | Reached XP level 3. HP: 32/32 MP: 3/3
   821 | D:2      | 821 ||| INVOKING Spit Poison.
   987 | D:2      | 987 ||| INVOKING Spit Poison.
  1026 | D:2      | 1026 ||| INVOKING Spit Poison.
  1058 | D:2      | 1058 ||| READING 2 scrolls labelled LEAPUN ZUPN.
  1059 | D:2      | 1059 ||| READING 2 scrolls of identify.
  1059 | D:2      | 1059 ||| IDENTIFYING bubbling clear potion
  1060 | D:2      | 1060 ||| DROPPING scroll of blinking.
  1061 | D:2      | 1061 ||| DROPPING potion of invisibility.
  1066 | D:3      | Found a shimmering blue altar of Sif Muna.
  1067 | D:3      | 1067 ||| INVOKING Spit Poison.
  1068 | D:3      | Noticed Robin
  1073 | D:3      | 1073 ||| INVOKING Spit Poison.
  1076 | D:3      | 1076 ||| STAIRDANCE
  1078 | D:2      | 1078 ||| INVOKING Spit Poison.
  1080 | D:2      | HP: 7/32 [goblin/+0 club[Robin] (4)]
  1080 | D:2      | HP: 2/32 [goblin/+0 club[Robin] (3)]
  1080 | D:2      | Slain by a goblin

Levels and vault maps discovered:
D:1:      co_arrival_random_square_maze, layout_rooms
D:2:      layout_basic, serial_shops, shop
D:3:      layout_rooms, nicolae_sif_muna_condensation,
          shapermc_ecumenical_altar_pompeii, uniq_jessica, uniq_robin,
          uniq_natasha

Skill      XL: |  1 |
---------------+----+-----
Ranged Weapons | 4 |  4.7
Fighting       | |  2.0
Dodging        | |  1.5
Stealth        | |  1.5

Action                     || total
---------------------------++-------
   Fire: Shortbow          ||    56
Ability: Spit Poison       ||    19
    Use: Scroll            ||     6
         Potion            ||     1
 Armour: Leather armour    ||    15
  Dodge: Dodged            ||    21

Table legend:
 A = Non-vault XP
 B = Vault XP
 C = Vault XP percentage of total XP
 D = Non-vault monster count
 E = Vault monster count
 F = Vault count percentage of total count
                 A         B        C        D         E       F
            +---------+---------+-------+---------+---------+-------
      Total |      54 |       1 |   1.8 |      31 |       1 |   3.1
            +---------+---------+-------+---------+---------+-------
        D:1 |      22 |       0 |   0.0 |      14 |       0 |   0.0
        D:2 |      30 |       0 |   0.0 |      16 |       0 |   0.0
        D:3 |       2 |       1 |  33.3 |       1 |       1 |  50.0
            +---------+---------+-------+---------+---------+-------
